 Dungeon Crawl Stone Soup version 0.27-a0-1140-g099f9bb0e8 (webtiles) character file.

Game seed: 708297702418795090

229 DasRunzen the Slasher (level 5, -3/41 HPs)
             Began as a Demonspawn Gladiator on May 10, 2021.
             Was a Believer of Makhleb.
             Slain by a gnoll
             ... wielding a +0 spear
              (5 damage)
             ... on level 5 of the Dungeon.
             The game lasted 00:06:40 (4075 turns).

DasRunzen the Slasher (Demonspawn Gladiator)        Turns: 4075, Time: 00:06:41

Health: -3/41      AC:  9    Str: 14    XL:     5   Next: 71%
Magic:  7/7        EV: 13    Int: 10    God:    Makhleb [**....]
Gold:   289        SH:  0    Dex: 15    Spells: 4/4 levels left

rFire    . . .     SeeInvis .   a - +0 long sword (venom)
rCold    + . .     Faith    .   (no shield)
rNeg     . . .     Spirit   .   b - +0 leather armour
rPois    .         Reflect  .   (helmet restricted)
rElec    .         Harm     .   (no cloak)
rCorr    .         Rampage  .   (no gloves)
Will     .....                  (no boots)
Stlth    +.........             (no amulet)
HPRegen  0.13/turn              k - ring of wizardry
MPRegen  0.10/turn              l - ring of protection from cold

@: sanguine armoured
A: antennae 1, ignite blood 2, sanguine armour 1, sturdy frame 1
a: Renounce Religion, Minor Destruction


You were on level 5 of the Dungeon.
You worshipped Makhleb.
Makhleb was pleased with you.
You visited 1 branch of the dungeon, and saw 5 of its levels.

You collected 289 gold pieces.

Inventory:

Hand Weapons
 a - a +0 long sword of venom (weapon)
Missiles
 d - 3 throwing nets (quivered)
Armour
 b - a +0 leather armour (worn)
Jewellery
 k - a ring of wizardry (left hand)
 l - a ring of protection from cold (right hand)
Scrolls
 c - 2 scrolls of enchant armour
 e - 2 scrolls of amnesia
Potions
 g - 2 potions of brilliance
 h - a potion of cancellation


   Skills:
 + Level 3.2 Fighting
 + Level 3.6 Long Blades
 - Level 1.7 Throwing
 + Level 2.0 Armour
 + Level 3.6 Dodging
 + Level 2.6 Invocations


You had 4 spell levels left.
You didn't know any spells.
Your spell library was empty.

Dungeon Overview and Level Annotations

Branches:
Dungeon (5/15)
 Temple: D:4-7

Altars:
Makhleb

Shops:
D:1 :   D:3 =

Annotations:
D:5 Ijyb


Innate Abilities, Weirdness & Mutations

You have a pair of small antennae on your head.
Your demonic aura often causes spilled blood to erupt in flames.
When seriously injured, your bleeding wounds create armour. (AC +6)
Your movements are slightly less encumbered by armour. (ER -2)


Message History

A gnoll comes into view. It is wielding a +0 club.
The gnoll hits you with a +0 club!
Your blood congeals into armour.
Ijyb screams, "You nasty!
Big nasty!"
You hit the gnoll.
The gnoll looks even sicker.
The gnoll is moderately wounded.
The gnoll is engulfed in blazing flames.
You kill the gnoll!
Makhleb accepts your kill.
You feel better. The gnoll barely misses you. The jackal misses you.
You riposte.
You barely miss the jackal. You hit the jackal.
The jackal is poisoned.
The jackal is moderately wounded.
You are no longer glowing.
Your blood armour dries and flakes away.
The gnoll closely misses you. The jackal misses you.
The gnoll hits you from afar with a +0 spear!
Your blood congeals into armour.
You hit the jackal but do no damage.
The jackal is moderately wounded.
The sentinel's mark upon you fades away.
The jackal closely misses you.
You riposte.
You slash the jackal!
You kill the jackal!
Makhleb accepts your kill.
You feel better. The gnoll misses you.
A white imp comes into view.
A gnoll comes into view. It is wielding a +0 flail.
The gnoll hits you from afar with a +0 spear.
An ice beast comes into view.
The gnoll hits you from afar with a +0 spear!
* * * LOW HITPOINT WARNING * * *
You hear the slow hiss of a very distant avalanche of sand.
The gnoll barely misses you.
It was a potion of curing.
You feel better.
The gnoll hits you from afar with a +0 spear.
The gnoll misses you. The gnoll hits you but does no damage.
You hit the gnoll but do no damage.
Ijyb zaps a wand.
Your mind is blasted!
* * * LOW HITPOINT WARNING * * *
Unknown command.
The gnoll hits you from afar with a +0 spear.
You die...

## ### #.#######.#
#......g○g#
#......{#.#
#.g####.#@#
########..{{.#.#.#
......###.#gg#..○#
......###h#.######
.......Zgg.......
......g#o...#####
.........g......
......Y...#.....
......#...#......


You could see a gnoll (fast).

Vanquished Creatures
  A scorpion (D:4)
  Jessica (D:2)
  A centaur skeleton (D:4)
  2 gnolls
  3 adders
  3 adder skeletons
  A dart slug (D:2)
  4 orcs (D:4)
  A bat (D:2)
  8 endoplasms
  3 giant cockroaches
  4 hobgoblins
  10 jackals
  A kobold (D:4)
  A quokka (D:2)
  4 ball pythons
  5 frilled lizards
  4 goblins
  5 rats
62 creatures vanquished.

Vanquished Creatures (others)
  A plant (D:1)
1 creature vanquished.

Grand Total: 63 creatures vanquished

Notes
Turn   | Place    | Note
-------+----------+-------------------------------------------
     0 | D:1      | DasRunzen the Demonspawn Gladiator began the quest for the
                  | Orb.
     0 | D:1      | Reached XP level 1. HP: 16/16 MP: 1/1
    42 | D:1      | Gained mutation: Your demonic aura sometimes causes spilled
                  | blood to erupt in flames. [demonic ancestry]
    42 | D:1      | Reached XP level 2. HP: 3/22 MP: 2/2
   502 | D:1      | Found a faded altar of an unknown god.
   512 | D:1      | Became a worshipper of Makhleb the Destroyer
   512 | D:1      | Reached * piety under Makhleb
   702 | D:1      | Found Aqeqac's Book Emporium.
  1204 | D:1      | Gained mutation: Your demonic aura often causes spilled
                  | blood to erupt in flames. [demonic ancestry]
  1204 | D:1      | Reached XP level 3. HP: 28/28 MP: 3/3
  1380 | D:2      | Reached skill level 1 in Armour
  1685 | D:2      | Noticed Jessica
  1689 | D:2      | Killed Jessica
  1690 | D:2      | Reached skill level 1 in Invocations
  1694 | D:2      | Gained mutation: When seriously injured, your bleeding
                  | wounds create armour. (AC +6) [demonic ancestry]
  1694 | D:2      | Reached XP level 4. HP: 23/34 MP: 3/5
  2474 | D:3      | Gained mutation: Your movements are slightly less
                  | encumbered by armour. (ER -2) [potion of mutation]
  2482 | D:3      | Found Zineargh's Jewellery Emporium.
  2745 | D:4      | Reached ** piety under Makhleb
  2861 | D:4      | Noticed a scorpion
  2867 | D:4      | Killed a scorpion
  2868 | D:4      | Gained mutation: You have a pair of small antennae on your
                  | head. [demonic ancestry]
  2868 | D:4      | Reached XP level 5. HP: 41/41 MP: 6/6
  4022 | D:5      | Entered Level 5 of the Dungeon
  4048 | D:5      | Noticed Ijyb
  4061 | D:5      | Noticed an ice beast
  4074 | D:5      | HP: 1/41 [disintegration (20)]
  4075 | D:5      | Slain by a gnoll

Illustrated notes

Levels and vault maps discovered:
D:1:      dpeg_arrival_leaves_temple_mockup, layout_loops_ring, serial_shops,
          shop_coins, shapermc_ecumenical_altar_mp_urbaneastern,
          serial_park_tiny_pond, hangedman_glass_teeth, corexii_corridor_pit,
          st_stairs_6
D:2:      layout_basic, serial_park_tiny_pond, minmay_fountain_box, uniq_jessica
D:3:      layout_basic, serial_shops,
          nicolae_shop_temple_entry_statues_fountains
D:4:      layout_basic
D:5:      layout_basic, serial_shops, nicolae_shop_competitors_out_of_business,
          nicolae_shop_crystal, nicolae_ossuary_entry_ruins, uniq_ijyb

Skill      XL: |  1  2  3  4  5 |
---------------+----------------+-----
Long Blades    | 3 |  3.6
Dodging        | 3 |  3.6
Armour         | 1 2 |  2.0
Invocations    | 1 2 |  2.6
Fighting       | 3 |  3.2
Throwing       | |  1.7

Action                   |  1- 3 |  4- 6 || total
-------------------------+-------+-------++-------
Melee: Long sword        |    64 |   110 ||   174
  Use: Scroll            |     3 |     7 ||    10
       Potion            |       |     2 ||     2
 Stab: Sleeping          |       |     2 ||     2
Armor: Leather armour    |    13 |    33 ||    46
Dodge: Dodged            |    40 |    96 ||   136
       Rpst.: Long sword |    12 |    28 ||    40

Table legend: (Time is in decaauts)
 A = Elapsed time spent in this place.
 B = Non-inter-level travel time spent in this place.
 C = Inter-level travel time spent in this place.
 D = Time resting spent in this place.
 E = Time spent auto-exploring this place.
 F = Levels seen in this place.
 G = Mean time per level.
                   A        B        C        D        E       F      G
               +--------+--------+--------+--------+--------+-----+--------+
         Total |   4115 |   4052 |     63 |    411 |   3173 |   5 |  823.0 |
       Dungeon |   4115 |   4052 |     63 |    411 |   3173 |   5 |  823.0 |
               +--------+--------+--------+--------+--------+-----+--------+

Top non-repeatable levels by time:
     D:1: 1379 daAuts
     D:4: 1374 daAuts
     D:2: 827 daAuts
     D:3: 478 daAuts
     D:5: 55 daAuts
